 Dungeon Crawl Stone Soup version 0.32-a0-312-g1d7162e751 (webtiles) character file.

Game seed: 4184204291647377824

18400 MacCMillion the Thaumaturge (level 12, -9/89 HPs)
             Began as a Djinni Alchemist on Feb 15, 2024.
             Was an Elder of Makhleb.
             Killed from afar by a deep elf zephyrmancer (32 damage)
             ... with a bolt of lightning
             ... on level 1 of the Orcish Mines.
             The game lasted 00:23:07 (12050 turns).

MacCMillion the Thaumaturge (Djinni Alchemist)     Turns: 12050, Time: 00:23:07

Health: -9/89      AC: 10    Str:  7    XL:     12   Next: 94%
Gold:   1591       EV: 15    Int: 21    God:    Makhleb [****..] SH:  0 Dex: 15

rFire   + + .        g - staff of alchemy
rCold   x . .        (no shield)
rNeg    . . .        H - +0 troll leather armour
rPois   ∞            I - +2 hat
rElec   .            A - +0 cloak
rCorr   .            (no gloves)
SInv    .            (boots unavailable)
Will    +....        (no amulet)
Stlth   ++++         n - +4 ring of protection
HPRegen 1.14/turn    (no ring)
MPRegen 0.00/turn

%: infuse magic (-10 HP)
@: flying
A: sickness immunity, fire resistance 2, cold vulnerability 1, float, innate
caster, HP casting, extra vitality 1
a: Renounce Religion, Minor Destruction, Lesser Servant of Makhleb, Major
Destruction


You were on level 1 of the Orcish Mines.
You worshipped Makhleb.
Makhleb was greatly pleased with you.
You visited 3 branches of the dungeon, and saw 13 of its levels.
You also visited: Bailey.

You collected 1591 gold pieces.

Inventory:

Hand Weapons
 e - a +0 dagger
Missiles
 C - a throwing net
Armour
 A - a +0 cloak (worn)
 H - a +0 troll leather armour (worn)
 I - a +2 hat (worn)
Magical Staves
 g - a staff of alchemy (weapon)
Jewellery
 n - a +4 ring of protection (left hand)
 L - a +6 ring of strength
 N - a ring of protection from cold
Wands
 f - a wand of polymorph (4)
 k - a wand of paralysis (17)
 o - a wand of flame (31)
 v - a wand of iceblast (6)
 J - a wand of digging (7)
Scrolls
 a - 4 scrolls of silence {unknown}
 b - 11 scrolls of identify {unknown}
 c - 2 scrolls of teleportation {unknown}
 d - 6 scrolls of poison {unknown}
 p - a scroll of torment {unknown}
 s - a scroll of fear {unknown}
 u - 6 scrolls of enchant weapon
 w - 4 scrolls of vulnerability {unknown}
 x - a scroll of brand weapon {unknown}
 y - a scroll of amnesia {unknown}
 z - 3 scrolls of fog {unknown}
 D - a scroll of revelation {unknown}
 E - 2 scrolls of enchant armour {unknown}
 G - a scroll of immolation {unknown}
 K - 2 scrolls of blinking {unknown}
Potions
 h - 4 potions of enlightenment {unknown}
 i - 2 potions of mutation {unknown}
 j - a potion of haste {unknown}
 l - 5 potions of heal wounds {unknown}
 m - 4 potions of lignification {unknown}
 q - 3 potions of degeneration {unknown}
 r - 3 potions of attraction {unknown}
 t - 2 potions of ambrosia {unknown}
 B - 4 potions of brilliance {unknown}
 F - a potion of magic {unknown}
 M - a potion of curing {unknown}


   Skills:
 + Level 9.1 Fighting
 + Level 3.7 Short Blades
 - Level 4.0 Armour
 + Level 9.3 Dodging
 + Level 9.0 Stealth
 - Level 10.0 Spellcasting
 - Level 10.0 Conjurations
 - Level 10.0 Hexes
 - Level 10.0 Summonings
 - Level 10.0 Necromancy
 - Level 10.0 Translocations
 - Level 10.0 Fire Magic
 - Level 10.0 Ice Magic
 - Level 10.0 Air Magic
 - Level 10.0 Earth Magic
 - Level 10.0 Alchemy


You knew the following spells:

 Your Spells              Type           Power      Damage    Failure   Level
a - Sting                 Conj/Alch      100%       1d9       1%          1
b - Mercury Vapours       Alch/Air       100%       N/A       1%          2
c - Mephitic Cloud        Conj/Alch/Air  68%        N/A       1%          3
d - Olgreb's Toxic Radia  Alch           68%        N/A       1%          4
e - Sticky Flame          Fire/Alch      68%        2d11      1%          4
f - Shock                 Conj/Air       100%       1d9       1%          1
g - Ensorcelled Hibernat  Hex/Ice        100%       N/A       1%          2
h - Vampiric Draining     Necr           51%        2d9       1%          3
i - Fulminant Prism       Conj/Alch      34%        3d15      1%          4
j - Curse of Agony        Necr           51%        N/A       4%          5
Your spell library was empty.

Dungeon Overview and Level Annotations

Branches:
Dungeon (11/15)            Temple (1/1) D:6            Lair (0/5) D:10
    Orc (1/2) D:10         Bailey (visited)

Altars:
Ashenzari
Cheibriados
Dithmenos
Elyvilon
Fedhas
Gozag
Hepliaklqana
Makhleb
Nemelex Xobeh
Okawaru
Qazlal
Ru
Trog
Uskayaw
Wu Jian
Xom
Yredelemnul
Zin
The Shining One

Annotations:
D:4 3 runed translucent doors, Parakeet's ghost, novice GnDe


Innate Abilities, Weirdness & Mutations

You are immune to sickness and miasma.
You are immune to poison.
Your flesh is very heat resistant. (rF++)
You are vulnerable to cold. (rC-)
You float through the air rather than walking.
You learn spells naturally, not from books.
Your magical power is your life essence.
You have superior vitality. (+4 MHP)


Message History

You resist. The fire elemental hits you. The fire elemental burns you!
You resist. The fire elemental barely misses you. The fire elemental hits you.
The fire elemental burns you! You resist.
A deep elf pyromancer comes into view. It is wielding a +0 long sword.
A deep elf pyromancer comes into view. It is wielding a +0 dagger.
Training target 4.0 for Armour reached!
Your Armour skill increases to level 4!
Your Stealth skill increases to level 9!
A deep elf zephyrmancer comes into view.
It is wielding a +0 short sword.
The fire elemental barely misses you. x2; The fire elemental misses you.
The fire elemental hits you. The fire elemental burns you! You resist.
The deep elf pyromancer mumbles some strange words.
The deep elf pyromancer blinks!
You hit the fire elemental.
The fire elemental is moderately damaged.
The fire elemental hits you. The fire elemental burns you! You resist.
The fire elemental hits you. The fire elemental burns you! You resist.
The fire elemental hits you. The fire elemental burns you! You resist.
The deep elf pyromancer is engulfed in noxious fumes.
The fire elemental closely misses you. x3
A deep elf zephyrmancer comes into view.
It is wielding a +0 rapier.
The fire elemental hits you. The fire elemental burns you! You resist.
The fire elemental hits you. The fire elemental burns you! You resist.
The fire elemental hits you. The fire elemental burns you! You resist.
You hit the fire elemental but do no damage.
The fire elemental is lightly damaged.
The fire elemental hits you. The fire elemental burns you! You resist.
* * * LOW HITPOINT WARNING * * *
The fire elemental barely misses you. The fire elemental hits you.
The fire elemental burns you! You resist.
* * * LOW HITPOINT WARNING * * *
The deep elf pyromancer is engulfed in noxious fumes.
The deep elf pyromancer appears confused.
The deep elf zephyrmancer gestures at you while chanting.
The bolt of lightning hits the fire elemental!
The fire elemental resists.
The bolt of lightning misses you.
The deep elf zephyrmancer gestures at you while chanting.
The bolt of lightning hits the fire elemental!
The fire elemental resists.
The bolt of lightning hits you!!
You die...

..........
..........## ###.
...........##.#..
..................#
.........#$.#.....#
..............#....
................#..
........@.........#
.......EEE.........
...e..#§§§.........
........§☼.........
.......§§e.......#.
............#.....#
....e.##e))........
......#.○)e........
#.....☼)...##......


You could see 3 deep elf pyromancers, 2 deep elf zephyrmancers and 3 fire
elementals.

Vanquished Creatures
  Gastronok (D:9)
  A two-headed ogre (D:8)
  A tengu warrior (D:10)
  An occultist (D:11)
  Lodul (D:11)
  An arcanist (D:11)
  Pikel (D:5)
  A deep elf zephyrmancer (Orc:1)
  2 orc knights (Bailey)
  2 deep elf pyromancers (Orc:1)
  A manticore (D:9)
  A gargoyle (D:8)
  An unseen horror (D:11)
  2 kobold demonologists (Bailey)
  4 trolls
  2 hornets
  3 shadows
  Sigmund (D:3)
  16 yaks
  A vampire (D:10)
  A wraith (D:11)
  2 wyverns (D:8)
  A fire elemental (D:11)
  Duvessa (D:4)
  A sky beast (D:8)
  10 orc warriors
  A black bear (D:4)
  4 centaurs
  9 ogres (D:11)
  A phantom (D:7)
  A lemure (D:5)
  2 kobold brigands
  2 bullfrogs
  A gnoll sergeant (D:8)
  3 scorpions
  13 wights
  Dowan (D:4)
  12 killer bees
  7 electric eels
  A howler monkey (D:6)
  2 hounds
  2 jellies
  4 bombardier beetles
  Crazy Yiuf (D:5)
  3 gnoll boudas
  3 orc priests
  A sleepcap (D:5)
  An iguana (D:4)
  Ijyb (D:3)
  8 orc wizards
  21 gnolls
  5 adders
  9 river rats (D:9)
  2 ufetubi (D:5)
  3 dart slugs
  4 ribbon worms
  37 orcs
  4 endoplasms
  A giant cockroach (D:2)
  13 goblins
  11 hobgoblins
  4 jackals (D:1)
  5 quokkas
  7 ball pythons
  4 bats
  2 frilled lizards
  8 kobolds
  17 rats
301 creatures vanquished.

Vanquished Creatures (others)
  An electric eel (D:8)
  A gnoll (D:5)
  11 fulminant prisms
13 creatures vanquished.

Grand Total: 314 creatures vanquished

Notes
Turn   | Place    | Note
-------+----------+-------------------------------------------
     0 | D:1      | MacCMillion the Djinni Alchemist began the quest for the
                  | Orb.
     0 | D:1      | MacCMillion set off with the following spells memorised:
                  | Sting, Mercury Vapours, Mephitic Cloud, Olgreb's Toxic
                  | Radiance, Sticky Flame.
     0 | D:1      | Reached XP level 1. HP: 15/15 MP: 0/0
    93 | D:1      | Reached XP level 2. HP: 20/21 MP: 0/0
   379 | D:1      | Reached XP level 3. HP: 9/25 MP: 0/0
   379 | D:1      | Learned a level 1 spell: Shock
   938 | D:2      | Reached XP level 4. HP: 29/31 MP: 0/0
  1619 | D:3      | Noticed Ijyb
  1621 | D:3      | Paralysed by Ijyb for 4 turns
  1634 | D:3      | Killed Ijyb
  1635 | D:3      | Reached XP level 5. HP: 22/35 MP: 0/0
  1635 | D:3      | Learned a level 2 spell: Ensorcelled Hibernation
  1848 | D:3      | Reached skill level 5 in Spellcasting
  1848 | D:3      | Reached skill level 5 in Conjurations
  1848 | D:3      | Reached skill level 5 in Hexes
  1848 | D:3      | Reached skill level 5 in Summonings
  1848 | D:3      | Reached skill level 5 in Necromancy
  1848 | D:3      | Reached skill level 5 in Translocations
  1848 | D:3      | Reached skill level 5 in Fire Magic
  1848 | D:3      | Reached skill level 5 in Ice Magic
  1848 | D:3      | Reached skill level 5 in Air Magic
  1848 | D:3      | Reached skill level 5 in Earth Magic
  1848 | D:3      | Reached skill level 5 in Alchemy
  2274 | D:3      | Noticed Sigmund
  2281 | D:3      | Killed Sigmund
  2282 | D:3      | Reached XP level 6. HP: 34/40 MP: 0/0
  2415 | D:4      | Reached XP level 7. HP: 40/45 MP: 0/0
  2415 | D:4      | Learned a level 3 spell: Vampiric Draining
  2467 | D:4      | Found a runed translucent gate.
  2468 | D:4      | Noticed Parakeet's ghost (novice GnDe)
  2518 | D:4      | Noticed Duvessa
  2518 | D:4      | Noticed Dowan
  2543 | D:4      | Killed Duvessa
  2547 | D:5      | Entered Level 5 of the Dungeon
  2608 | D:4      | Killed Dowan
  3043 | D:4      | Found a runed translucent gate.
  3043 | D:4      | Found a runed translucent gate.
  3413 | D:5      | Noticed Pikel
  3424 | D:5      | Killed Pikel
  3425 | D:5      | Reached XP level 8. HP: 36/56 MP: 0/0
  3938 | D:5      | Reached XP level 9. HP: 36/63 MP: 0/0
  3938 | D:5      | Learned a level 4 spell: Fulminant Prism
  4265 | D:5      | Found a runed translucent door.
  4266 | D:5      | Noticed Crazy Yiuf
  4631 | D:5      | Killed Crazy Yiuf
  4741 | D:6      | Reached skill level 5 in Fighting
  5255 | D:6      | Found a hazy altar of Hepliaklqana.
  5428 | D:6      | Found a staircase to the Ecumenical Temple.
  5707 | Temple   | Entered the Ecumenical Temple
  5715 | Temple   | Became a worshipper of Makhleb the Destroyer
  6036 | D:7      | Reached XP level 10. HP: 71/75 MP: 0/0
  6670 | D:8      | Found a hide-covered altar of Uskayaw.
  6828 | D:8      | Noticed a two-headed ogre
  6829 | D:8      | Noticed a gargoyle
  6848 | D:8      | Killed a gargoyle
  6887 | D:8      | Killed a two-headed ogre
  6888 | D:8      | Reached skill level 10 in Spellcasting
  6888 | D:8      | Reached skill level 10 in Conjurations
  6888 | D:8      | Reached skill level 10 in Hexes
  6888 | D:8      | Reached skill level 10 in Summonings
  6888 | D:8      | Reached skill level 10 in Necromancy
  6888 | D:8      | Reached skill level 10 in Translocations
  6888 | D:8      | Reached skill level 10 in Fire Magic
  6888 | D:8      | Reached skill level 10 in Ice Magic
  6888 | D:8      | Reached skill level 10 in Air Magic
  6888 | D:8      | Reached skill level 10 in Earth Magic
  6888 | D:8      | Reached skill level 10 in Alchemy
  7454 | D:8      | Reached * piety under Makhleb
  7551 | D:8      | Found a shimmering altar of Xom.
  7552 | D:8      | Found a sparkling altar of Nemelex Xobeh.
  8245 | D:8      | Reached skill level 5 in Dodging
  8245 | D:8      | Reached XP level 11. HP: 48/81 MP: 0/0
  8245 | D:8      | Learned a level 5 spell: Curse of Agony
  8517 | D:9      | Reached skill level 5 in Stealth
  8717 | D:9      | Noticed Gastronok
  8740 | D:9      | Killed Gastronok
  9024 | D:9      | Noticed a manticore
  9027 | D:9      | Reached ** piety under Makhleb
  9034 | D:9      | Killed a manticore
  9280 | D:10     | Entered Level 10 of the Dungeon
  9305 | D:10     | Found a staircase to the Orcish Mines.
  9398 | D:10     | Found a flagged portal.
  9407 | Bailey   | Entered a bailey
  9624 | Bailey   | Reached *** piety under Makhleb
  9793 | Bailey   | Noticed an orc knight
  9811 | Bailey   | Killed an orc knight
  9891 | Bailey   | Found an iron altar of Okawaru.
 10168 | Bailey   | Noticed an orc knight
 10187 | Bailey   | Killed an orc knight
 10188 | Bailey   | Reached XP level 12. HP: 81/86 MP: 0/0
 10324 | Bailey   | Found an iron altar of Okawaru.
 10608 | D:10     | Found a staircase to the Lair.
 10630 | D:10     | Noticed a tengu warrior
 10646 | D:10     | Killed a tengu warrior
 10647 | D:10     | Reached skill level 1 in Short Blades
 10647 | D:10     | Reached skill level 1 in Armour
 10711 | D:10     | Found the +18 Lear's hauberk
 11471 | D:11     | Noticed an occultist
 11472 | D:11     | Noticed an arcanist
 11478 | D:11     | Killed an arcanist
 11485 | D:11     | Killed an occultist
 11627 | D:11     | Noticed Lodul
 11661 | D:11     | Killed Lodul
 11666 | D:11     | Reached **** piety under Makhleb
 11955 | D:11     | Acquired the +18 shield of the Gong {Loud rN+ Will+ rCorr
                  | EV-5}
 11955 | D:11     | Found the +18 shield of the Gong {Loud rN+ Will+ rCorr
                  | EV-5}
 11956 | D:11     | Acquired a staff of alchemy
 11957 | D:11     | Acquired a staff of conjuration
 12009 | Orc:1    | Entered Level 1 of the Orcish Mines
 12050 | Orc:1    | Killed from afar by a deep elf zephyrmancer

Illustrated notes

Levels and vault maps discovered:
D:1:      shiori_arrival_elements, layout_loops_cross
D:2:      layout_rooms, nicolae_underground_beach
D:3:      layout_basic, nrook_mini_backslash, amcnicky_mini_corridor_feature,
          minmay_pentangle, uniq_ijyb, uniq_sigmund
D:4:      layout_gridville, ebering_ghost_rock_garden,
          nicolae_houndstooth_variations, uniq_duvessa
D:5:      layout_cave_pools, uniq_crazy_yiuf_cottage, uniq_pikel
D:6:      layout_basic, general_overflow_altar, temple_hall
D:7:      layout_rooms, minivault_23, chequers_serial_rivers_small_b
D:8:      minmay_polygon_palace, layout_loops_corners, nicolae_overflow_squiral,
          mainiacjoe_overflow_alcove_1
D:9:      layout_cave_pools, dk_rats_in_the_wall, uniq_gastronok
D:10:     layout_roguey, lair_entry_dummy, orc_0_dummy, enter_bailey_8,
          hellmonk_guarded_unrand_lears
D:11:     layout_cave_pools, serial_rivers, chequers_serial_rivers_small_a,
          chequers_serial_rivers_small_3, chequers_serial_rivers_micro_a,
          chequers_serial_rivers_micro_d, chequers_serial_rivers_micro_b,
          chequers_serial_rivers_small_3, cheibrodos_lost_city_excavation,
          uniq_lodul
Temple:   dpeg_three_leaves_temple
Orc:1:    minmay_goldmine, layout_caves, serial_shops, shop,
          elves_outpost_lemuel

Skill      XL: |  1  2  3  4  5  6  7  8  9 10 11 12 |
---------------+-------------------------------------+-----
Spellcasting   | 4 5 6 7 8 10 | 10.0
Conjurations   | 4 5 6 7 8 10 | 10.0
Hexes          | 4 5 6 7 8 10 | 10.0
Summonings     | 4 5 6 7 8 10 | 10.0
Necromancy     | 4 5 6 7 8 10 | 10.0
Translocations | 4 5 6 7 8 10 | 10.0
Fire Magic     | 4 5 6 7 8 10 | 10.0
Ice Magic      | 4 5 6 7 8 10 | 10.0
Air Magic      | 4 5 6 7 8 10 | 10.0
Earth Magic    | 4 5 6 7 8 10 | 10.0
Alchemy        | 4 5 6 7 8 10 | 10.0
Fighting       | 3 4 7 8 9 |  9.1
Stealth        | 2 4 8 9 |  9.0
Dodging        | 5 8 9 |  9.3
Short Blades   | 3 |  3.7
Armour         | 4 |  4.0

Action                     |  1- 3 |  4- 6 |  7- 9 | 10-12 || total
---------------------------+-------+-------+-------+-------++-------
  Melee: Dagger            |       |       |    18 |   116 ||   134
         Staff             |       |       |       |     3 ||     3
   Cast: Sting             |    39 |    68 |    52 |    55 ||   214
         Mephitic Cloud    |       |     4 |    16 |    55 ||    75
         Olgreb's Toxic Ra |       |     1 |    25 |    85 ||   111
         Sticky Flame      |       |     2 |     9 |    33 ||    44
         Fulminant Prism   |       |       |       |    11 ||    11
  Evoke: Wand              |       |       |       |     2 ||     2
    Use: Scroll            |       |       |       |     3 ||     3
   Stab: Confused          |       |       |     1 |     7 ||     8
         Sleeping          |       |       |       |     4 ||     4
 Armour: Robe              |     6 |       |       |       ||     6
         Leather armour    |       |    17 |    29 |    45 ||    91
         Troll leather arm |       |       |       |   123 ||   123
  Dodge: Dodged            |    14 |    15 |    20 |   119 ||   168

Table legend: (Time is in decaauts)
 A = Elapsed time spent in this place.
 B = Non-inter-level travel time spent in this place.
 C = Inter-level travel time spent in this place.
 D = Time resting spent in this place.
 E = Time spent auto-exploring this place.
 F = Levels seen in this place.
 G = Mean time per level.
                   A        B        C        D        E       F      G
               +--------+--------+--------+--------+--------+-----+--------+
         Total |  12068 |  11514 |    554 |   1694 |   7871 |  14 |  862.0 |
       Dungeon |  10854 |  10309 |    545 |   1358 |   7370 |  11 |  986.7 |
        Temple |     16 |      9 |      7 |      0 |      0 |   1 |   16.0 |
  Orcish Mines |     41 |     41 |      0 |      0 |      3 |   1 |   41.0 |
        Bailey |   1156 |   1156 |      0 |    336 |    498 |   1 | 1156.0 |
               +--------+--------+--------+--------+--------+-----+--------+

Top non-repeatable levels by time:
     D:8: 1891 daAuts
     D:4: 1447 daAuts
  Bailey: 1156 daAuts
     D:6: 1080 daAuts
     D:1: 910 daAuts
     D:3: 881 daAuts
    D:11: 855 daAuts
     D:5: 855 daAuts
     D:7: 820 daAuts
     D:9: 814 daAuts
    D:10: 716 daAuts
     D:2: 581 daAuts
   Orc:1: 41 daAuts
  Temple: 16 daAuts
